Map: Port Aleksander LE

Players

lIlIlIlIIIll

  • Race: Protoss Protoss
  • League: Grandmaster
  • Spawn Location: 5:00

Lambo - Winner!

  • Race: Zerg Zerg
  • League: Grandmaster
  • Spawn Location: 11:00

VOD

Have the link to the VOD?

Description

Time

  • Played on: Jan. 6, 2019, 3:25 p.m.
  • Length: 24:32
Show
View Real Time Build Order
Export as new Build Order

lIlIlIlIIIll Protoss 

Build Orders: 1 Gate Expand, Oracle Opening, Phoenix Opening, Chargelot Immortal 

Get SALT Encoding   

  12  0:00  Probe  
  13  0:12  Probe  
  14  0:18  Pylon  
  14  0:24  Probe  
  15  0:32  Probe  
  15  0:37  Assimilator  
  15  0:40  Probe  
  16  0:49  Gateway  
  17  0:50  Probe  
  18  0:58  Probe  
  19  1:06  Probe  
  20  1:25  Nexus  
  20  1:35  Cybernetics Core  
  20  1:39  Probe  
  21  1:45  Assimilator  
  21  1:51  Probe  
  22  1:55  Pylon  
  22  2:03  Probe  
  22  2:04  Adept  
  25  2:15  Probe  
  25  2:17  Stargate  
  26  2:23  Warp Gate  
  26  2:27  Probe  
  27  2:30  Adept  
  27  2:33  Probe  
  30  2:40  Probe  
  30  2:42  Probe  
  32  2:52  Probe  
  32  2:56  Probe  
  32  2:57  Phoenix  
  34  3:04  Probe  
  37  3:08  Probe  
  38  3:13  Pylon  
  38  3:16  Probe  
  38  3:19  Oracle  
  39  3:20  Probe  
  43  3:28  Probe  
  43  3:29  Assimilator  
  43  3:30  Assimilator  
  43  3:32  Probe  
  45  3:37  Gateway  
  45  3:40  Probe  
  46  3:44  Probe  
  46  3:49  Stargate  
  46  3:51  Phoenix  
  46  3:52  Probe  
  47  3:57  Probe  
  47  3:58  Pylon  
  50  4:04  Probe  
  50  4:08  Pylon  
  50  4:09  Probe  
  52  4:15  Phoenix  
  52  4:16  Probe  
  53  4:21  Probe  
  56  4:24  Pylon  
  56  4:28  Probe  
  57  4:33  Probe  
  57  4:34  Phoenix  
  57  4:36  Phoenix  
  57  4:37  Zealot  
  62  4:39  Zealot  
  62  4:40  Probe  
  67  4:52  Pylon  
  67  4:59  Phoenix  
  69  5:02  Phoenix  
  71  5:16  Nexus  
  71  5:17  Shield Battery  
  71  5:20  Probe x2  
  73  5:27  Forge  
  73  5:33  Probe  
  72  5:36  Probe  
  72  5:40  Twilight Council  
  72  5:41  Probe  
  71  5:43  Sentry  
  71  5:44  Probe  
  71  5:45  Sentry  
  71  5:49  Probe  
  77  5:53  Probe  
  77  5:56  Pylon  
  79  6:00  Robotics Facility, Protoss Ground Weapons Level 1, Probe  
  80  6:04  Robotics Facility  
  80  6:07  Probe  
  80  6:10  Zealot  
  83  6:12  Probe  
  83  6:16  Pylon  
  84  6:21  Charge  
  84  6:22  Probe  
  84  6:24  Probe  
  86  6:28  Probe  
  87  6:34  Probe  
  87  6:35  Gateway  
  87  6:37  Gateway  
  87  6:39  Immortal  
  88  6:42  Gateway  
  88  6:43  Gateway  
  88  6:45  Immortal  
  88  6:46  Probe x2  
  94  6:59  Assimilator  
  94  7:01  Probe x2, Assimilator  
  100  7:02  Probe  
  101  7:12  Templar Archives  
  101  7:13  Probe  
  102  7:19  Observer  
  103  7:24  Immortal  
  107  7:31  Psionic Storm  
  107  7:37  Gateway  
  107  7:41  Gateway, Immortal  
  107  7:42  Gateway  
  111  7:44  Gateway  
  111  7:46  Zealot x3, Protoss Ground Weapons Level 2  
  111  7:47  Pylon  
  111  7:49  Photon Cannon  
  117  7:59  Observer  
  117  8:04  Pylon  
  117  8:06  Pylon  
  117  8:07  High Templar x4  
  117  8:08  Pylon  
  117  8:09  Pylon  
  125  8:17  Shield Battery x2  
  125  8:23  Observer  
  125  8:24  Immortal  
  125  8:25  Immortal  
  133  8:36  Pylon  
  133  8:37  Shield Battery, Pylon  
  133  8:59  Nexus  
  133  9:00  Pylon  
  133  9:01  High Templar x3  
  133  9:02  High Templar  
  141  9:03  Zealot x5  
  141  9:09  Pylon  
  151  9:12  Fleet Beacon  
  151  9:18  Pylon  
  151  9:24  Protoss Air Weapons Level 1, Stargate  
  151  9:33  Probe x3  
  154  9:39  Assimilator  
  154  9:43  Assimilator  
  154  9:46  Photon Cannon  
  154  9:47  Probe x2, Tempest  
  154  9:48  Photon Cannon  
  154  9:50  Photon Cannon, Pylon  
  156  9:55  Tempest  
  156  9:59  Tempest  
  171  10:17  Warp Prism  
  171  10:19  Zealot x2  
  177  10:24  Tempest  
  177  10:26  Tempest  
  174  10:30  Mothership  
  192  10:52  Photon Cannon x2  
  192  10:53  Shield Battery  
  192  10:56  Oracle  
  186  10:57  Photon Cannon, Pylon  
  186  10:58  Photon Cannon  
  189  11:14  Protoss Ground Weapons Level 3  
  189  11:15  High Templar x2  
  189  11:16  Protoss Air Weapons Level 2  
  193  11:20  Archon  
  193  11:23  Observer  
  193  11:24  Observer  
  191  11:41  Photon Cannon  
  191  11:42  Photon Cannon  
  191  11:43  Photon Cannon  
  191  11:45  Pylon  
  191  11:47  Photon Cannon  
  191  11:49  High Templar x2, Photon Cannon  
  191  11:51  Pylon  
  194  11:56  Carrier  
  194  11:57  Archon  
  196  12:33  Photon Cannon  
  196  12:35  Photon Cannon  
  192  12:56  Shield Battery  
  189  13:11  Pylon  
  189  13:22  Oracle x2  
  189  13:23  Protoss Air Weapons Level 3  
  189  13:24  Pylon  
  191  13:28  Pylon  
  191  13:32  Void Ray  
  192  13:44  Protoss Shields Level 1, Shield Battery  
  192  13:46  Shield Battery  
  192  13:48  Shield Battery x2  
  192  13:51  Shield Battery  
  192  13:52  Shield Battery  
  192  13:53  Robotics Bay  
  192  13:55  Photon Cannon  
  192  13:57  Photon Cannon  
  192  13:59  Oracle, Photon Cannon  
  192  14:01  Observer, Shield Battery  
  196  14:07  Nexus, Blink  
  196  14:20  Warp Prism  
  198  14:32  Pylon  
  198  14:33  Zealot  
  200  14:42  Gravitic Boosters  
  178  15:31  Zealot  
  178  15:32  Zealot x9  
  192  15:40  Gravitic Drive  
  192  15:42  Observer  
  193  15:43  Assimilator  
  193  15:44  Assimilator  
  193  15:47  Photon Cannon  
  193  15:48  Photon Cannon  
  193  15:49  Protoss Air Armor Level 1  
  186  15:58  Protoss Shields Level 2  
  186  16:03  Observer  
  187  16:06  Void Ray x3  
  193  16:20  Mothership  
  193  16:24  Pylon  
  197  16:27  Gateway  
  197  16:29  Observer  
  193  16:34  Zealot  
  193  16:35  Zealot x2  
  193  16:36  Dark Shrine  
  199  16:45  Zealot x3  
  193  16:52  Void Ray x2  
  189  16:58  Tempest  
  173  17:12  Zealot x9  
  173  17:13  Zealot  
  191  17:19  Stargate  
  191  17:23  Stargate  
  191  17:30  Tempest x2  
  199  17:38  Nexus  
  199  17:52  Oracle  
  190  18:04  Tempest  
  190  18:08  Zealot x5  
  166  18:43  Void Ray x4  
  166  18:46  Stalker x6  
  166  18:47  Stalker x4  
  117  19:11  Stalker  
  117  19:12  Stalker x6  
  117  19:13  Stalker x3  
  135  19:18  Carrier x3  
  116  19:24  Void Ray  
  134  19:39  Observer x2, High Templar x2  
  134  19:40  High Templar x2  
  144  19:47  Pylon  
  144  19:57  Carrier  
  150  20:10  Zealot x2  
  154  20:16  Carrier x2  
  146  20:24  Archon  
  158  20:34  Shield Battery  
  158  20:39  Shield Battery  
  154  21:03  Assimilator  
  154  21:05  Zealot x7, Assimilator  
  154  21:06  Zealot x3  
  174  21:12  Mothership  
  174  21:15  Photon Cannon  
  182  21:26  High Templar x2  
  183  21:54  Zealot x6  
  109  22:21  Stalker x3  
  109  22:22  Stalker x6  
  119  22:30  Stalker  
  121  22:46  Stalker x4  
  103  23:01  Stalker x3  
  103  23:02  Stalker  
  111  23:13  High Templar  
  111  23:16  High Templar  
  115  23:24  Stalker x2  
  115  23:25  Zealot x3  
  125  23:42  Stalker x3  
  125  23:47  Zealot x3  
  137  23:54  Stalker x2  
  125  24:11  Stalker  
  125  24:12  Stalker x3  
Show
View Real Time Build Order
Export as new Build Order

Lambo Zerg - Winner!

Build Orders: Hatch First, Brood Lord Corruptor 

Get SALT Encoding   

  12  0:01  Drone  
  13  0:12  Overlord  
  13  0:18  Drone  
  14  0:31  Drone x2  
  16  0:49  Hatchery  
  15  0:52  Drone  
  15  0:56  Drone  
  17  0:59  Drone  
  18  1:10  Extractor  
  17  1:15  Spawning Pool  
  17  1:18  Drone  
  17  1:22  Drone  
  18  1:28  Drone  
  19  1:40  Drone  
  20  1:52  Overlord  
  20  2:02  Queen x2, Zergling x2  
  20  2:04  Zergling x2  
  26  2:11  Metabolic Boost  
  26  2:13  Drone  
  26  2:16  Drone  
  27  2:23  Drone x2  
  29  2:35  Drone  
  30  2:42  Hatchery  
  29  2:45  Drone  
  29  2:48  Drone  
  31  2:52  Overlord  
  31  2:56  Drone  
  32  3:03  Drone  
  33  3:05  Drone  
  33  3:07  Drone  
  33  3:10  Queen  
  36  3:16  Drone  
  36  3:17  Drone x2  
  36  3:18  Drone  
  40  3:25  Overlord  
  40  3:26  Drone x2  
  42  3:31  Drone x2  
  44  3:41  Overlord  
  44  3:53  Queen, Spore Crawler  
  44  3:55  Drone  
  46  3:56  Queen  
  46  3:57  Drone x2  
  46  3:59  Drone  
  46  4:02  Overlord  
  51  4:03  Drone x2  
  51  4:07  Drone  
  51  4:08  Spore Crawler  
  53  4:10  Zergling x4  
  53  4:16  Drone  
  56  4:18  Drone x2  
  56  4:19  Overlord  
  56  4:22  Drone x2  
  60  4:24  Drone  
  60  4:29  Drone x4  
  64  4:38  Extractor  
  62  4:39  Extractor  
  62  4:40  Lair  
  62  4:41  Roach Warren  
  62  4:42  Drone x2  
  62  4:45  Drone x2  
  63  4:48  Drone  
  63  4:49  Drone  
  63  4:52  Drone x3  
  68  4:54  Zergling x2  
  68  4:55  Zergling x2  
  68  4:56  Drone  
  68  4:58  Drone  
  72  5:01  Drone  
  72  5:03  Overlord  
  72  5:06  Overlord  
  73  5:10  Overlord  
  73  5:14  Spore Crawler  
  73  5:16  Spore Crawler  
  73  5:20  Overlord, Queen  
  73  5:22  Overlord  
  73  5:24  Overlord  
  73  5:30  Overlord x2  
  73  5:31  Drone x6  
  73  5:33  Drone  
  79  5:39  Drone  
  79  5:40  Drone x2  
  82  5:43  Drone  
  82  5:44  Evolution Chamber, Drone  
  82  5:45  Baneling Nest, Drone  
  82  5:46  Extractor, Spore Crawler  
  82  5:47  Drone  
  82  5:50  Extractor  
  82  5:51  Drone  
  82  5:53  Queen  
  84  5:57  Hydralisk Den  
  84  6:02  Drone x2  
  84  6:04  Drone  
  86  6:09  Extractor, Drone x2  
  87  6:17  Hatchery  
  90  6:18  Drone x4  
  90  6:23  Drone x2  
  90  6:24  Queen  
  90  6:25  Zerg Missile Weapons Level 1  
  92  6:28  Grooved Spines  
  92  6:30  Centrifical Hooks  
  92  6:31  Infestation Pit  
  91  6:33  Drone x2  
  91  6:34  Drone  
  93  6:43  Overlord  
  93  6:52  Hydralisk  
  93  6:53  Hydralisk x5  
  105  6:58  Hydralisk x4  
  113  7:04  Hydralisk x4  
  121  7:09  Overlord  
  120  7:16  Overlord  
  120  7:19  Hive  
  120  7:22  Overlord, Spire  
  118  7:25  Hydralisk  
  120  7:30  Overlord  
  120  7:31  Drone x3  
  120  7:32  Drone x2  
  125  7:38  Spore Crawler, Extractor  
  125  7:39  Muscular Augments  
  125  7:40  Drone x4  
  125  7:43  Drone  
  125  7:44  Queen  
  128  7:47  Extractor  
  128  7:48  Drone  
  128  7:50  Drone x3  
  128  7:51  Drone x3  
  136  7:53  Evolution Chamber  
  135  8:04  Drone x3  
  138  8:06  Overlord  
  138  8:11  Zergling x12  
  144  8:13  Hatchery  
  144  8:15  Zergling x2  
  144  8:16  Zergling x2  
  144  8:18  Zergling x8  
  144  8:19  Zerg Melee Weapons Level 1  
  149  8:22  Overseer  
  149  8:23  Zerg Missile Weapons Level 2  
  149  8:24  Pneumatized Carapace  
  149  8:29  Zergling x16  
  157  8:34  Greater Spire  
  157  8:35  Adrenal Glands  
  157  8:41  Overlord  
  157  8:42  Overlord x2  
  157  8:43  Zergling x4  
  158  8:58  Baneling x8  
  157  9:18  Corruptor x11  
  176  9:28  Extractor  
  176  9:29  Extractor  
  174  9:53  Drone x3  
  174  9:56  Spine Crawler x2  
  174  9:57  Brood Lord x7  
  189  10:03  Drone  
  189  10:05  Overseer  
  189  10:11  Spine Crawler x2  
  187  10:14  Brood Lord, Spine Crawler  
  187  10:15  Brood Lord, Spine Crawler  
  187  10:16  Spine Crawler  
  187  10:17  Spine Crawler x2  
  187  10:19  Spine Crawler  
  185  10:35  Drone x4  
  185  10:36  Drone, Overseer  
  185  10:40  Pathogen Glands, Zerg Missile Weapons Level 3, Spine Crawler, Zerg Melee Weapons Level 2  
  185  10:41  Spine Crawler  
  177  10:47  Spore Crawler  
  177  10:48  Spore Crawler  
  177  10:49  Spore Crawler  
  174  10:52  Zerg Flyer Armor Level 1  
  174  10:53  Spire, Drone x12  
  184  10:58  Drone x2  
  184  11:03  Overseer x2  
  184  11:04  Overseer  
  186  11:06  Brood Lord  
  186  11:07  Spore Crawler  
  187  11:20  Spore Crawler  
  185  11:45  Infestor x2  
  185  11:46  Overlord  
  189  11:55  Spore Crawler  
  189  11:56  Spore Crawler x2  
  186  12:06  Infestor x5  
  186  12:07  Neural Parasite  
  196  12:09  Burrow  
  196  12:20  Zerg Flyer Weapons Level 1  
  196  12:40  Spore Crawler  
  196  12:41  Spore Crawler x3  
  196  12:44  Spore Crawler x3  
  187  12:46  Infestor x6  
  196  12:51  Spore Crawler  
  195  13:03  Brood Lord  
  193  13:07  Overlord, Infestor x2  
  193  13:10  Zerg Flyer Armor Level 2  
  193  13:11  Zerg Melee Weapons Level 3  
  193  13:12  Overlord  
  197  13:15  Overseer  
  197  13:16  Overseer  
  197  13:18  Zerg Ground Armor Level 1, Overseer  
  196  13:35  Infestor  
  198  13:42  Infestor  
  198  13:55  Hatchery  
  197  14:04  Infestor  
  199  14:13  Spore Crawler  
  199  14:14  Spore Crawler x2  
  199  14:15  Spore Crawler x3  
  193  14:18  Spore Crawler  
  193  14:20  Spore Crawler  
  193  14:21  Spore Crawler  
  193  14:22  Spore Crawler  
  193  14:23  Spore Crawler x3  
  186  14:24  Spore Crawler x2  
  186  14:26  Corruptor x7  
  186  14:27  Spore Crawler x2, Corruptor  
  213  14:57  Zerg Flyer Weapons Level 2, Overseer  
  191  15:14  Corruptor x6  
  187  15:24  Corruptor x11  
  193  15:33  Brood Lord x3  
  199  15:46  Overlord x2  
  199  15:47  Overlord  
  199  15:52  Extractor  
  199  15:56  Spine Crawler x2  
  195  15:57  Spore Crawler  
  195  15:58  Extractor  
  195  16:01  Brood Lord x3  
  195  16:02  Overlord  
  195  16:04  Infestor  
  195  16:05  Brood Lord x2  
  191  17:14  Zerg Flyer Armor Level 3, Zerg Flyer Weapons Level 3  
  191  17:15  Zerg Ground Armor Level 2  
  191  17:19  Brood Lord  
  191  17:21  Overseer x3  
  193  17:32  Spine Crawler  
  193  17:34  Spine Crawler  
  190  18:00  Corruptor x2  
  190  18:01  Corruptor x2  
  178  18:34  Corruptor  
  178  18:35  Corruptor x9  
  182  18:45  Corruptor x12  
  182  18:54  Corruptor x8  
  190  19:06  Hydralisk x6  
  192  19:17  Hydralisk x2  
  166  19:34  Brood Lord x3  
  166  19:38  Drone x3  
  167  19:39  Zergling x26  
  167  19:40  Overlord x2  
  167  19:42  Brood Lord  
  182  19:50  Brood Lord  
  178  20:01  Brood Lord  
  178  20:05  Brood Lord  
  182  20:12  Brood Lord  
  173  20:24  Brood Lord  
  173  20:34  Hatchery  
  172  20:38  Brood Lord  
  174  20:43  Drone x2  
  174  20:47  Drone x2  
  178  20:53  Infestor  
  177  21:06  Infestor x3  
  177  21:10  Lurker Den  
  177  21:11  Drone  
  182  21:21  Brood Lord  
  182  21:23  Corruptor x3  
  182  21:25  Drone x6  
  159  22:03  Hydralisk x10  
  140  22:20  Hydralisk x3  
  143  22:44  Adaptive Talons  
  143  22:49  Hatchery  
  134  23:09  Zergling x6  
  134  23:10  Zergling x20  
  147  23:13  Queen x2  
  151  23:27  Extractor  
  151  23:31  Extractor, Lurker x2  
  151  23:44  Drone  
  151  23:45  Drone x6  
  151  23:46  Zergling x18, Drone x2  
  169  23:56  Lurker  
Tags
 
Add a new tag
Caveats
  • Supply blocks, unpowered buildings, or Contaminate may cause inaccurate times.
  • Supply counts are checked every 10 seconds.